 Dungeon Crawl Stone Soup version 0.21.1-1-g345015fe64 (webtiles) character file.

347 Gargoyl the Skirmisher (level 6, 0/52 HPs)
             Began as a Centaur Abyssal Knight on May 25, 2018.
             Was a Follower of Lugonu.
             Slain by an ogre
             ... wielding a +0 giant club
              (23 damage)
             ... on level 4 of the Dungeon.
             The game lasted 00:05:33 (3696 turns).

Gargoyl the Skirmisher (Centaur Abyssal Knight)     Turns: 3696, Time: 00:05:33

Health: 0/52       AC:  9    Str: 15      XL:     6   Next: 32%
Magic:  8/8        EV:  4    Int: 11      God:    Lugonu [*.....]
Gold:   215        SH:  0    Dex:  9 (10) Spells: 5/5 levels left

rFire    + . .     SeeInvis .   a - +3 hand axe
rCold    + . .     Gourm    .   (no shield)
rNeg     . . .     Faith    .   k - +0 chain mail
rPois    .         Spirit   .   (helmet restricted)
rElec    .         Reflect  .   (no cloak)
rCorr    .         Harm     .   d - +0 pair of gloves
MR       +....                  (no barding)
Stlth    ..........             (no amulet)
HPRegen  0.17/turn              i - ring of protection from fire
MPRegen  0.11/turn              (no ring)

@: very quick
A: large, hooves 3, horns 1, cold resistance 1, deformed body, speed 2, magic
resistance 1, tough skin 3
a: Depart the Abyss, Renounce Religion


You were on level 4 of the Dungeon.
You worshipped Lugonu.
Lugonu was aware of your devotion.
You were hungry.

You visited 1 branch of the dungeon, and saw 4 of its levels.
You visited the Abyss 1 time.

You collected 215 gold pieces.

Inventory:

Hand Weapons
 a - a +3 hand axe (weapon)
Armour
 d - a +0 pair of gloves (worn)
 k - a +0 chain mail (worn)
Jewellery
 i - a ring of protection from fire (left hand)
Scrolls
 m - 2 scrolls of identify
 n - a scroll of remove curse
 o - 2 scrolls of teleportation
Potions
 e - a potion of curing
Comestibles
 c - 6 rations


   Skills:
 + Level 3.8 Fighting
 + Level 3.1 Axes
 * Level 3.4 Armour
 + Level 1.1 Dodging
 * Level 3.5 Invocations


You had 5 spell levels left.
You didn't know any spells.

Dungeon Overview and Level Annotations

Branches:
Dungeon (4/15)
 Temple: D:4-7

Altars:
Cheibriados
Gozag
Kikubaaqudgha
The Shining One


Innate Abilities, Weirdness & Mutations

You have hooves in place of feet.
Armour fits poorly on your strangely shaped body.
You cover ground very quickly.
You have extremely tough skin. (AC +3)
You have a pair of small horns on your head.
Your flesh is cold resistant. (rC+)
You are resistant to hostile enchantments. (MR+)


Message History

Your chain mail prevents you from hitting the ogre.
The ogre hits you but does no damage.
You hit the ogre. You headbutt the ogre.
The ogre is moderately wounded.
The ogre hits you with a giant club.
You hit the ogre.
The ogre is moderately wounded.
The ogre hits you with a giant club!
You hit the ogre.
The ogre is moderately wounded.
The ogre hits you with a giant club!!
You hit the ogre.
The ogre is moderately wounded.
The ogre hits you with a giant club!
* * * LOW HITPOINT WARNING * * *
You feel much better.
You barely miss the ogre.
The ogre is moderately wounded.
The ogre hits you with a giant club!!
You die...

... ... #. ....# #.. # ._
.# ..#.. .. #. #.# ...
... #. ##..# #.# ....
#>##..# ##.##
.....###..## ##.§.### ..
........O..###..#§§§#....
........@.......##§§§....
................##§§.....
.#...............§.§§>...
##....................#.
##.....)...###...#..##
.............#......#
................##..##
######.......... ...


You could see an ogre.

Vanquished Creatures
  The ghost of DildoBatman the Sneak, an amateur FoWz (D:3)
  An orc wizard (D:3)
  6 adders
  2 worms
  A dart slug (D:1)
  5 orcs
  5 goblins
  7 hobgoblins
  6 jackals (D:2)
  2 kobolds
  2 quokkas (D:3)
  A ball python (D:3)
  13 bats
  2 frilled lizards
  6 rats
60 creatures vanquished.

Notes
Turn   | Place    | Note
-------+----------+-------------------------------------------
     0 | Abyss:1  | Gargoyl the Centaur Abyssal Knight began the quest for the Orb.
     0 | Abyss:1  | Reached XP level 1. HP: 19/19 MP: 2/2
    45 | Abyss:1  | Noticed a flayed ghost
    55 | D:1      | Escaped the Abyss
   528 | D:1      | Reached * piety under Lugonu
   637 | D:1      | Reached XP level 2. HP: 26/26 MP: 3/3
  1290 | D:2      | Found a snail-covered altar of Cheibriados.
  1340 | D:2      | Reached XP level 3. HP: 19/31 MP: 4/4
  2257 | D:2      | Found an opulent altar of Gozag.
  2419 | D:2      | Reached XP level 4. HP: 38/38 MP: 6/6
  2515 | D:3      | Noticed DildoBatman's ghost (amateur FoWz)
  3004 | D:3      | Reached skill level 1 in Dodging
  3221 | D:3      | Reached XP level 5. HP: 22/45 MP: 7/7
  3228 | D:3      | HP: 2/67 [DildoBatman's ghost/magic dart (10)]
  3239 | D:3      | Killed DildoBatman's ghost
  3239 | D:3      | Reached XP level 6. HP: 28/52 MP: 8/8
  3466 | D:3      | Found an ancient bone altar of Kikubaaqudgha.
  3676 | D:4      | Gained mutation: You are resistant to hostile enchantments. (MR+) [potion of mutation]
  3676 | D:4      | Gained mutation: Your flesh is cold resistant. (rC+) [potion of mutation]
  3676 | D:4      | Gained mutation: You have a pair of small horns on your head. [potion of mutation]
  3685 | D:4      | Found a glowing golden altar of the Shining One.
  3696 | D:4      | Slain by an ogre

Skill      XL: |  1  2  3  4  5 |
---------------+----------------+-----
Axes           | 2 3 |  3.1
Armour         | 2 3 |  3.4
Dodging        | 1 |  1.1
Invocations    | 3 |  3.5
Fighting       | |  3.8

Action                   |  1- 3 |  4- 6 || total
-------------------------+-------+-------++-------
Melee: Hand axe          |    85 |    99 ||   184
       Kick              |    12 |    16 ||    28
       Headbutt          |       |     1 ||     1
Invok: Depart the Abyss  |     1 |       ||     1
  Use: Scroll            |     6 |     3 ||     9
       Potion            |       |    12 ||    12
  Eat: Chunk             |     3 |       ||     3
       Ration            |       |     1 ||     1
Armor: Leather armour    |    11 |       ||    11
       Ring mail         |    26 |       ||    26
       Chain mail        |    18 |   105 ||   123
Dodge: Dodged            |    66 |    23 ||    89
